 Dungeon Crawl Stone Soup version 0.32-a0-576-g706899e69d (webtiles) character file.

Game seed: 17886500618279597929

25 Dittersdorf the Trooper (level 3, -1/24 HPs)
             Began as a Gargoyle Fighter on Mar 1, 2024.
             Incinerated by a bombardier beetle (6 damage)
             ... with a burning spray
             ... on level 2 of the Dungeon.
             The game lasted 00:00:46 (810 turns).

Dittersdorf the Trooper (Gargoyle Fighter)           Turns: 810, Time: 00:00:46

Health: -1/24      AC: 11    Str: 21    XL:     3   Next: 4%
Magic:  0/3        EV:  9    Int:  8    God:
Gold:   55         SH:  4    Dex:  9    Spells: 2/2 levels left

rFire   . . .        a - +0 flail
rCold   . . .        c - +0 buckler
rNeg    + . .        b - +0 scale mail
rPois   ∞            (no helmet)
rElec   +            f - +0 cloak
rCorr   .            (no gloves)
SInv    .            (no boots)
Will    .....        h - amulet of guardian spirit Stlth
                     (no ring)
HPRegen 0.24/turn    (no ring)
MPRegen 0.08/turn

%: guardian spirit
@: on fire, glowing
A: sickness immunity, AC +3, negative energy resistance 1, electricity
resistance, torment resistance 1, petrification resistance
a: no special abilities


You were on level 2 of the Dungeon.
You visited 1 branch of the dungeon, and saw 2 of its levels.

You collected 55 gold pieces.

Inventory:

Hand Weapons
 a - a +0 flail (weapon)
Armour
 b - a +0 scale mail (worn)
 c - a +0 buckler (worn)
 f - a +0 cloak (worn)
Jewellery
 h - an amulet of guardian spirit (around neck)
Scrolls
 g - a scroll of fog {unknown}
 k - a scroll of noise {unknown}
 l - a scroll of teleportation {unknown}
Potions
 d - a potion of might
 e - 2 potions of brilliance {unknown}
 i - a potion of heal wounds {unknown}
 j - a potion of curing {unknown}


   Skills:
 + Level 3.6 Fighting
 + Level 2.3 Maces & Flails
 + Level 3.6 Armour
 + Level 3.6 Shields


You had 2 spell levels left.
You didn't know any spells.
Your spell library contained the following spells:

 Spells                   Type           Power      Damage    Failure   Level
 Inner Flame              Hex/Fire       0%         N/A       99%         3
 Irradiate                Conj/Alch      0%         3d11      100%        5
 Ignition                 Fire           0%         3d3       100%        8


Dungeon Overview and Level Annotations

Branches:
Dungeon (2/15)

Altars:


Innate Abilities, Weirdness & Mutations

You are immune to sickness and miasma.
Your stone body is resilient. (AC +3)
You are immune to poison.
You resist negative energy. (rN+)
You are resistant to electric shocks. (rElec)
You are resistant to unholy torment.
You are immune to petrification.


Message History

The bombardier beetle is moderately wounded.
The bombardier beetle sprays incendiary fluid at you.
The burning spray hits you.
You are covered in liquid fire!
You barely miss the bombardier beetle.
The bombardier beetle is moderately wounded.
The liquid fire burns you!
The bombardier beetle bites you but does no damage.
You barely miss the bombardier beetle.
The bombardier beetle is moderately wounded.
The liquid fire burns you!
You thump the bombardier beetle!
The bombardier beetle is almost dead.
The liquid fire burns you!
The bombardier beetle bites you but does no damage.
You are too injured to fight recklessly!
You are too injured to fight recklessly!
You are too injured to fight recklessly!
You are too injured to fight recklessly!
You are too injured to fight recklessly!
You are too injured to fight recklessly!
You are too injured to fight recklessly!
You are too injured to fight recklessly!
You are too injured to fight recklessly!
You are too injured to fight recklessly!
You are too injured to fight recklessly!
You are too injured to fight recklessly!
You are too injured to fight recklessly!
You are too injured to fight recklessly!
You are too injured to fight recklessly!
You are too injured to fight recklessly!
You hit the bombardier beetle but do no damage.
The bombardier beetle is almost dead.
The liquid fire burns you!
* * * LOW HITPOINT WARNING * * *
The bombardier beetle bites you but does no damage.
You barely miss the bombardier beetle.
The bombardier beetle is almost dead.
The liquid fire burns you!
You die...

#.# ..#. #.#. #.#. #.#.
# ###### # #.#.
.#.#.##....##.#... #.#.
......B.......#.....#.#.
####@...####.....#.).
#..................#.#.
##........####.#...#.#.
..............#.#[....#.
###........##.#.#.#####.
#........##.#.#.......
#........##.#.#.######
#........##.#.........
....######.###.######


You could see a bombardier beetle.

Vanquished Creatures
  2 endoplasms
  A goblin (D:1)
  7 jackals (D:1)
  4 kobolds
  A quokka (D:1)
  2 ball pythons (D:1)
  2 bats
  3 frilled lizards (D:1)
  A rat (D:2)
23 creatures vanquished.

Notes
Turn   | Place    | Note
-------+----------+-------------------------------------------
     0 | D:1      | Dittersdorf the Gargoyle Fighter began the quest for the
                  | Orb.
     0 | D:1      | Reached XP level 1. HP: 14/14 MP: 1/1
    96 | D:1      | You fall into a shaft and drop 1 floor!
   108 | D:2      | Reached XP level 2. HP: 19/19 MP: 2/2
   647 | D:2      | Reached XP level 3. HP: 20/23 MP: 1/3
   810 | D:2      | Incinerated by a bombardier beetle

Illustrated notes

Levels and vault maps discovered:
D:1:      ncdulo_halloftheorcs, layout_rooms
D:2:      layout_basic

Action                     || total
---------------------------++-------
  Melee: Flail             ||    78
 Armour: Scale mail        ||    83
  Dodge: Dodged            ||    41
  Block: Buckler           ||    27

Table legend: (Time is in decaauts)
 A = Elapsed time spent in this place.
 B = Non-inter-level travel time spent in this place.
 C = Inter-level travel time spent in this place.
 D = Time resting spent in this place.
 E = Time spent auto-exploring this place.
 F = Levels seen in this place.
 G = Mean time per level.
                   A        B        C        D        E       F      G
               +--------+--------+--------+--------+--------+-----+--------+
         Total |    833 |    810 |     23 |      0 |    615 |   2 |  416.5 |
       Dungeon |    833 |    810 |     23 |      0 |    615 |   2 |  416.5 |
               +--------+--------+--------+--------+--------+-----+--------+

Top non-repeatable levels by time:
     D:1: 635 daAuts
     D:2: 198 daAuts
